 Dungeon Crawl Stone Soup version 0.30-a0-297-g0ec75d9ef4 (webtiles) character file.

Game seed: 1699704419265525328

33 DEFE the Magician (level 3, 0/25 HPs)
             Began as a Djinni Earth Elementalist on Oct 18, 2022.
             Slain by a hobgoblin (1 damage)
             ... on level 2 of the Dungeon.
             The game lasted 00:02:08 (1108 turns).

DEFE the Magician (Djinni Earth Elementalist)       Turns: 1108, Time: 00:02:08

Health: 0/25       AC:  2    Str:  7    XL:     3   Next: 47%
Gold:   81         EV: 12    Int: 18    God:
                   SH:  0    Dex: 13

rFire   + + .      SeeInvis .    (no weapon)
rCold   x . .      Faith    .    (no shield)
rNeg    . . .      Spirit   .    a - +0 robe
rPois   ∞          Reflect  .    (no helmet)
rElec   .          Harm     .    (no cloak)
rCorr   .          Rampage  .    (no gloves)
Will    +....                    (boots unavailable)
Stlth   ++........               (no amulet)
HPRegen 0.24/turn                k - ring of willpower
MPRegen 0.00/turn                (no ring)

@: flying
A: sickness immunity, fire resistance 2, cold vulnerability 1, float, innate
caster, HP casting, extra vitality 1
a: no special abilities


You were on level 2 of the Dungeon.
You visited 1 branch of the dungeon, and saw 2 of its levels.

You collected 81 gold pieces.

Inventory:

Missiles
 j - a throwing net
Armour
 a - a +0 robe (worn)
Jewellery
 i - an amulet of faith
 k - a ring of willpower (left hand)
Scrolls
 b - a scroll of teleportation {unknown}
 c - a scroll of fog {unknown}
 d - a scroll of identify {unknown}
 f - 2 scrolls of poison {unknown}
 g - a scroll of vulnerability {unknown}
Potions
 e - a potion of might {unknown}
 h - a potion of curing {unknown}


   Skills:
 - Level 2.3 Dodging
 - Level 1.6 Stealth
 + Level 3.3 Spellcasting


You couldn't memorise any spells.
You knew the following spells:

 Your Spells              Type           Power      Damage    Failure   Level
a - Sandblast             Erth           28%        2d8       4%          1
b - Passwall              Tmut/Erth      11%        N/A       6%          2
c - Stone Arrow           Conj/Erth      28%        3d8       12%         3
d - Petrify               Tmut/Erth      14%        N/A       38%         4
e - Necrotise             Necr           56%        1d6       4%          1
Your spell library was empty.

Dungeon Overview and Level Annotations

Branches:
Dungeon (2/15)

Altars:


Innate Abilities, Weirdness & Mutations

You are immune to sickness and miasma.
You are immune to poison.
Your flesh is very heat resistant. (rF++)
You are vulnerable to cold. (rC-)
You float through the air rather than walking.
You learn spells naturally, not from books.
Your magical power is your life essence.
You have superior vitality. (+4 MHP)


Message History

Aim: Natasha (lightly wounded, 77% to hit)
The blast of sand hits Natasha.
Natasha closely misses you.
Natasha stares at you and mumbles some strange words.
The magic dart hits you!
* * * LOW HITPOINT WARNING * * *
You take 10 damage, and have 6/25 hp.
MASSIVE DAMAGE!!
You don't know that spell.
You don't know that spell.
Please select a wall.
Okay, then.
The spell is quite dangerous to miscast (12% risk of failure)!
Continue anyway?
Okay, then.
Okay, then.
Okay, then.
Aim: Natasha (moderately wounded, 77% to hit)
The blast of sand misses Natasha.
The blast of sand hits the frilled lizard!
You kill the frilled lizard!
* * * LOW HITPOINT WARNING * * *
Natasha claws you.
* * * LOW HITPOINT WARNING * * *
You take 3 damage, and have 3/25 hp.
Unknown command.
Aim: Natasha (moderately wounded, 77% to hit)
The blast of sand hits Natasha!
* * * LOW HITPOINT WARNING * * *
Natasha claws you but does no damage. Natasha misses you.
You take 1 damage, and have 2/25 hp.
Unknown command.
Unknown command.
Unknown command.
Aim: Natasha (almost dead, 77% to hit)
The blast of sand hits Natasha.
You kill Natasha!
Natasha yowls pathetically as she dies!
The crimson imp disappears in a puff of smoke!
* * * LOW HITPOINT WARNING * * *
The hobgoblin hits you.
You die...

....##...####..#
...#####..#...##
...### ##.#.###
.....###....#####
.###.#..........#
.###.#..........####
#.................#
...#.#......<..g...#
.###.##.##....††@..#
....<...###..#§#####
........# #.##.#
........###.##.##
..............h.#
........#####.#..#
######..# #. #h.#
... .. #.# .... ..#
.l.


You could see a hobgoblin.

Vanquished Creatures
  Natasha (D:2)
  4 ball pythons (D:1)
  3 bats (D:1)
  5 endoplasms
  A giant cockroach (D:1)
  2 hobgoblins (D:2)
  2 jackals (D:1)
  4 quokkas
  3 frilled lizards
  A goblin (D:1)
  2 kobolds (D:1)
  2 rats (D:1)
30 creatures vanquished.

Notes
Turn   | Place    | Note
-------+----------+-------------------------------------------
     0 | D:1      | DEFE the Djinni Earth Elementalist began the quest for the
                  | Orb.
     0 | D:1      | DEFE set off with the following spells memorised:
                  | Sandblast, Passwall, Stone Arrow, Petrify.
     0 | D:1      | Reached XP level 1. HP: 15/15 MP: 0/0
    19 | D:1      | Found a faded altar of an unknown god.
   263 | D:1      | Reached XP level 2. HP: 20/21 MP: 0/0
   539 | D:1      | Reached skill level 3 in Spellcasting
   601 | D:1      | Reached XP level 3. HP: 24/25 MP: 0/0
   601 | D:1      | Learned a level 1 spell: Necrotise
  1093 | D:2      | Noticed Natasha
  1108 | D:2      | Killed Natasha
  1108 | D:2      | Slain by a hobgoblin

Illustrated notes

Levels and vault maps discovered:
D:1:      dpeg_arrival_simpleton_c, layout_basic,
          dreamdust_ecumenical_altar_statues
D:2:      layout_rooms, uniq_natasha

Skill      XL: |  1  2 |
---------------+-------+-----
Spellcasting   | 3 |  3.3
Dodging        | |  2.3
Stealth        | |  1.6

Action                   || total
-------------------------++-------
Melee: Unarmed           ||     2
 Cast: Sandblast         ||    42
       Necrotise         ||     4
 Stab: Sleeping          ||     1
Armor: Robe              ||     6
Dodge: Dodged            ||    18

Table legend: (Time is in decaauts)
 A = Elapsed time spent in this place.
 B = Non-inter-level travel time spent in this place.
 C = Inter-level travel time spent in this place.
 D = Time resting spent in this place.
 E = Time spent auto-exploring this place.
 F = Levels seen in this place.
 G = Mean time per level.
                   A        B        C        D        E       F      G
               +--------+--------+--------+--------+--------+-----+--------+
         Total |   1127 |   1120 |      7 |    211 |    730 |   2 |  563.5 |
       Dungeon |   1127 |   1120 |      7 |    211 |    730 |   2 |  563.5 |
               +--------+--------+--------+--------+--------+-----+--------+

Top non-repeatable levels by time:
     D:1: 944 daAuts
     D:2: 183 daAuts
